Sharks vs Bruins

Created - November 25, 2015 at 17:15

Goals
1 2 3 T
Sharks 1 3 0 4
Bruins 1 0 0 1
Shots
1 2 3 T
Sharks 7 9 4 20
Bruins 19 9 7 35

1st period

1. Bruins , Brad Marchand 10 (Patrice Bergeron) at 10:42
2. Sharks , Nick Bjugstad 14 (David Savard, Charlie Coyle) at 12:45

Penalties :
Ladislav Smid (SJS) for Holding (Minor) at 6:18, Charlie Coyle (SJS) for Tripping (Minor) at 8:20, John Carlson (BOS) for Interference (Minor) at 13:04

2nd period

3. Sharks , Andrew Shaw 12 (Nikolai Kulemin) at 3:05
4. Sharks , Stephen Weiss 1 (Viktor Stalberg, David Savard) at 14:20
5. Sharks , Mark Pysyk 5 (Nick Bjugstad) at 17:12 (PP)

Penalties :
Melker Karlsson (BOS) for Roughing (Minor) at 16:33

3rd period

No Goal

Penalties :
Ladislav Smid (SJS) for Hooking (Minor) at 8:24, Tomas Plekanec (BOS) for Interference (Minor) at 11:27, Ladislav Smid (SJS) for Hooking (Minor) at 11:27

Goalie Stats

Jonas Hiller (SJS), 34 saves from 35 shots - (0.971), W, 10-8-2, 60:00 minutes
Carey Price (BOS), 12 saves from 16 shots - (0.750), L, 14-5-2, 37:12 minutes
Tom McCollum (BOS), 4 saves from 4 shots - (1.000), 22:48 minutes

Players Stats for Sharks

Player Name              G  A  P  +/- PIM S  H  SB GA TA FO     MP     PP MP  PK MP  
------------------------------------------------------------------------------------
Alexander Wennberg       0  0  0  -1  0   0  1  0  0  0  6/13   11:15   0:00   0:00 
Andrej Sustr             0  0  0   0  0   0  5  0  0  0  0/0    20:44   1:14   0:06 
Andrew Shaw              1  0  1   1  0   2  4  1  0  0  8/20   15:34   1:12   0:19 
Brooks Laich             0  0  0   1  0   0  0  0  0  0  0/1    14:48   0:00   1:15 
Charlie Coyle            0  1  1   1  2   1  0  0  0  0  0/0    17:03   1:26   0:00 
Colin McDonald           0  0  0  -1  0   2  2  0  0  0  1/1    11:15   0:00   0:00 
David Savard             0  2  2   3  0   2  1  1  0  0  0/0    22:39   1:24   3:38 
Jannik Hansen            0  0  0  -1  0   2  0  0  0  0  0/1    16:13   1:12   2:17 
Ladislav Smid            0  0  0  -1  6   0  4  1  0  0  0/0    14:21   0:00   0:00 
Luke Witkowski           0  0  0   1  0   0  1  0  0  0  0/0     9:00   0:00   0:00 
Mark Pysyk               1  0  1   0  0   1  2  0  0  0  0/0    22:51   1:14   2:13 
Martin Marincin          0  0  0  -1  0   0  0  1  0  0  0/0    16:43   0:00   2:19 
Matt Beleskey            0  0  0   1  0   1  2  0  0  0  1/5    17:04   1:26   0:00 
Nick Bjugstad            1  1  2   1  0   4  2  1  0  0  12/28  20:50   1:26   2:17 
Nikolai Kulemin          0  1  1   1  0   3  0  1  0  0  0/1    18:36   1:12   3:21 
Robert Bortuzzo          0  0  0   3  0   0  3  2  0  0  0/0    22:39   1:24   3:38 
Stephen Weiss            1  0  1   1  0   1  0  0  0  0  7/10   11:25   0:00   2:25 
Viktor Stalberg          0  1  1   1  0   1  0  0  0  0  1/1     9:00   0:00   0:00 

Players Stats for Bruins

Player Name              G  A  P  +/- PIM S  H  SB GA TA FO     MP     PP MP  PK MP  
------------------------------------------------------------------------------------
Brad Marchand            1  0  1   1  0   4  0  0  0  0  2/6    18:22   2:30   0:00 
Brandon Pirri            0  0  0  -3  0   2  1  0  0  0  0/2    15:06   3:27   0:00 
Brendan Gallagher        0  0  0   0  0   1  2  0  0  0  1/1    19:39   2:30   0:00 
Carl Soderberg           0  0  0  -3  0   0  2  0  0  0  1/5    18:05   3:27   2:18 
Corey Perry              0  0  0   1  0   3  0  0  0  0  0/2    14:34   0:00   0:00 
Dougie Hamilton          0  0  0   0  0   2  0  2  0  0  0/0    20:44   2:30   1:40 
Drew Doughty             0  0  0   0  0   2  0  1  0  0  0/0    22:57   3:27   0:58 
Joe Morrow               0  0  0  -3  0   0  0  1  0  0  0/0    14:18   0:00   0:00 
John Carlson             0  0  0   1  2   2  0  0  0  0  0/0    23:09   2:30   0:00 
Melker Karlsson          0  0  0   0  2   2  1  0  0  0  0/0     6:03   0:00   0:00 
P.K. Subban              0  0  0   1  0   2  2  2  0  0  0/0    22:39   3:27   1:40 
Patrice Bergeron         0  1  1   1  0   5  0  0  0  0  15/20  16:52   0:00   2:18 
Patrick Sharp            0  0  0  -3  0   1  0  0  0  0  6/12   12:40   0:00   0:20 
Ryan Spooner             0  0  0   0  0   1  0  0  0  0  5/7     6:04   0:00   0:00 
Seth Griffith            0  0  0   0  0   0  0  0  0  0  1/1     6:04   0:00   0:00 
Tomas Plekanec           0  0  0   0  2   6  0  0  0  0  10/20  20:55   3:27   0:20 
Torey Krug               0  0  0  -3  0   0  0  0  0  0  0/0    16:12   0:00   0:58 
Zach Parise              0  0  0   0  0   2  3  0  0  0  4/5    20:57   2:30   0:00 

3 Stars

1 - Jonas Hiller (SJS)
2 - Nick Bjugstad (SJS)
3 - David Savard (SJS)

Power Play

Sharks - 1 on 2 Attempt(s) - 50.00%
Bruins - 0 on 3 Attempt(s) - 0.00%

Penalty Kill

Sharks - 3 on 3 Attempt(s) - 100.00% - Score 0 goal in Penalty Kill
Bruins - 1 on 2 Attempt(s) - 50.00% - Score 0 goal in Penalty Kill

Team Stat

Sharks - Hits : 27 - Faceoff Wins : 36 - Blocked Shots : 8 - Penalty Minutes : 8
Bruins - Hits : 11 - Faceoff Wins : 45 - Blocked Shots : 6 - Penalty Minutes : 6

Official

Referees : Brad Watson and Chris Rooney
Linesman : Kiel Murchison and Mark Shewchyk

Game Notes

Tom McCollum enters game at 17:12 of 2nd period

Finance

Level 1 -- Attendance: 6028 (92.74%) -- Ticket Income $663,080
Level 2 -- Attendance: 4882 (97.64%) -- Ticket Income $366,150
Level 3 -- Attendance: 2841 (81.17%) -- Ticket Income $159,096
Level 4 -- Attendance: 1565 (100.00%) -- Ticket Income $62,600
Luxury Box -- Attendance: 910 (91.00%) -- Ticket Income $181,090
Game was played at the TD Garden.
Total Attendance: 16226 (92.38%)
Total Ticket Income: $1,432,016
Other Income: $214,802
Total Income: $1,646,818

% Time on Ice - Sharks

Lines # - Real PCT - Wanted PCT - Time Play
Normal Forward
1 - 32% - 33% - 15:38
2 - 27% - 27% - 13:33
3 - 23% - 25% - 11:15
4 - 18% - 15% - 9:00
Normal Defense
1 - 34% - 40% - 16:45
2 - 37% - 35% - 18:17
3 - 29% - 25% - 14:24
4 - 0% - 0% - 0:00
PP Forward
1 - 54% - 60% - 1:26
2 - 46% - 40% - 1:12
PP Defense
1 - 53% - 60% - 1:24
2 - 47% - 40% - 1:14
PK Forward
1 - 62% - 60% - 3:40
2 - 38% - 40% - 2:17
PK Defense
1 - 61% - 60% - 3:38
2 - 39% - 40% - 2:19
PK3 Forward
1 - 0% - 60%
2 - 0% - 40%
PK3 Defense
1 - 0% - 60%
2 - 0% - 40%
44 Forward
1 - 75% - 60% - 1:29
2 - 25% - 40% - 0:30
44 Defense
1 - 44% - 60% - 0:52
2 - 56% - 40% - 1:07
Last Minute Offensive  - 0:00
Last Minute Defensive  - 0:00
Total
Forward - 60:00
Defense - 60:00

% Time on Ice - Bruins

Lines # - Real PCT - Wanted PCT - Time Play
Normal Forward
1 - 35% - 40% - 17:09
2 - 29% - 30% - 14:34
3 - 24% - 20% - 11:39
4 - 12% - 10% - 6:04
Normal Defense
1 - 35% - 40% - 17:32
2 - 31% - 30% - 15:31
3 - 29% - 20% - 14:18
4 - 4% - 10% - 2:05
PP Forward
1 - 58% - 60% - 3:27
2 - 42% - 40% - 2:30
PP Defense
1 - 58% - 60% - 3:27
2 - 42% - 40% - 2:30
PK Forward
1 - 87% - 60% - 2:18
2 - 13% - 40% - 0:20
PK Defense
1 - 63% - 60% - 1:40
2 - 37% - 40% - 0:58
PK3 Forward
1 - 0% - 60%
2 - 0% - 40%
PK3 Defense
1 - 0% - 60%
2 - 0% - 40%
44 Forward
1 - 66% - 60% - 1:18
2 - 34% - 40% - 0:41
44 Defense
1 - 47% - 60% - 0:56
2 - 53% - 40% - 1:03
Last Minute Offensive  - 0:00
Last Minute Defensive  - 0:00
Total
Forward - 60:00
Defense - 60:00

Play by Play

1st period


0:01 of 1st period - Tomas Plekanec wins face-off versus Nick Bjugstad in neutral zone.
0:10 of 1st period - Shot by Nick Bjugstad.
0:10 of 1st period - Stopped by Carey Price without a rebound.
0:11 of 1st period - Patrice Bergeron wins face-off versus Andrew Shaw in Bruins zone.
0:18 of 1st period - Shot by Brad Marchand.
0:18 of 1st period - Shot Misses the Net.
1:03 of 1st period - Icing by Andrej Sustr.
1:04 of 1st period - Andrew Shaw wins face-off versus Patrick Sharp in Sharks zone.
1:06 of 1st period - Icing by Brooks Laich.
1:07 of 1st period - Tomas Plekanec wins face-off versus Andrew Shaw in Sharks zone.
1:24 of 1st period - Shot by John Carlson.
1:24 of 1st period - Stopped by Jonas Hiller with a rebound.
1:26 of 1st period - Shot by Tomas Plekanec.
1:26 of 1st period - Stopped by Jonas Hiller without a rebound.
1:27 of 1st period - Alexander Wennberg wins face-off versus Brandon Pirri in Sharks zone.
1:38 of 1st period - Shot by Jannik Hansen.
1:38 of 1st period - Stopped by Carey Price without a rebound.
1:39 of 1st period - Seth Griffith wins face-off versus Nick Bjugstad in Bruins zone.
1:55 of 1st period - Shot by Charlie Coyle.
1:55 of 1st period - Stopped by Carey Price without a rebound.
1:56 of 1st period - Stephen Weiss wins face-off versus Tomas Plekanec in Bruins zone.
2:16 of 1st period - Shot by Viktor Stalberg.
2:16 of 1st period - Shot Misses the Net.
3:22 of 1st period - P.K. Subban is hit by Alexander Wennberg and loses puck.
4:14 of 1st period - Shot by Patrice Bergeron.
4:14 of 1st period - Stopped by Jonas Hiller without a rebound.
4:15 of 1st period - Zach Parise wins face-off versus Brooks Laich in Sharks zone.
4:27 of 1st period - Tomas Plekanec is hit by Robert Bortuzzo.
4:34 of 1st period - Icing by Brooks Laich.
4:35 of 1st period - Ryan Spooner wins face-off versus Andrew Shaw in Sharks zone.
4:35 of 1st period - Drew Doughty is hit by David Savard and loses puck.
4:53 of 1st period - Melker Karlsson is hit by Robert Bortuzzo and loses puck.
4:56 of 1st period - Shot by Seth Griffith.
4:56 of 1st period - Shot Misses the Net.
4:58 of 1st period - Shot by Melker Karlsson.
4:58 of 1st period - Stopped by Jonas Hiller without a rebound.
4:59 of 1st period - Tomas Plekanec wins face-off versus Nick Bjugstad in Sharks zone.
4:59 of 1st period - Tomas Plekanec is hit by Ladislav Smid.
5:09 of 1st period - Shot by Tomas Plekanec.
5:09 of 1st period - Stopped by Jonas Hiller without a rebound.
5:10 of 1st period - Patrice Bergeron wins face-off versus Alexander Wennberg in Sharks zone.
5:39 of 1st period - Shot by Patrice Bergeron.
5:39 of 1st period - Stopped by Jonas Hiller without a rebound.
5:40 of 1st period - Tomas Plekanec wins face-off versus Nick Bjugstad in Sharks zone.
5:43 of 1st period - Shot by Zach Parise.
5:43 of 1st period - Shot Misses the Net.
5:56 of 1st period - Tomas Plekanec is hit by Ladislav Smid and loses puck.
6:18 of 1st period - Minor Penalty to Ladislav Smid for Holding.
6:19 of 1st period - Stephen Weiss wins face-off versus Carl Soderberg in Sharks zone.
6:19 of 1st period - Stephen Weiss is hit by Brandon Pirri.
7:21 of 1st period - Shot by Dougie Hamilton.
7:21 of 1st period - Shot Hit the Post.
7:23 of 1st period - Shot by Dougie Hamilton.
7:23 of 1st period - Stopped by Jonas Hiller without a rebound.
7:24 of 1st period - Brad Marchand wins face-off versus Nikolai Kulemin in Sharks zone.
7:37 of 1st period - Shot by Dougie Hamilton.
7:37 of 1st period - Shot Blocked by Robert Bortuzzo.
7:39 of 1st period - Shot by Dougie Hamilton.
7:39 of 1st period - Stopped by Jonas Hiller with a rebound.
7:41 of 1st period - Shot by Zach Parise.
7:41 of 1st period - Shot Misses the Net.
7:43 of 1st period - Shot by Brad Marchand.
7:43 of 1st period - Stopped by Jonas Hiller with a rebound.
7:47 of 1st period - Shot by Brad Marchand.
7:47 of 1st period - Stopped by Jonas Hiller with a rebound.
7:49 of 1st period - Shot by Zach Parise.
7:49 of 1st period - Shot Blocked by David Savard.
8:12 of 1st period - David Savard is hit by Carl Soderberg and loses puck.
8:17 of 1st period - Shot by Carl Soderberg.
8:17 of 1st period - Deflect By Brandon Pirri.
8:17 of 1st period - Shot Misses the Net.
8:20 of 1st period - Minor Penalty to Charlie Coyle for Tripping.
8:21 of 1st period - Carl Soderberg wins face-off versus Nick Bjugstad in Sharks zone.
8:48 of 1st period - Shot by Carl Soderberg.
8:48 of 1st period - Shot Misses the Net.
8:50 of 1st period - Shot by Drew Doughty.
8:50 of 1st period - Stopped by Jonas Hiller without a rebound.
8:51 of 1st period - Nick Bjugstad wins face-off versus Brad Marchand in Sharks zone.
9:12 of 1st period - Shot by Zach Parise.
9:12 of 1st period - Deflect By Brad Marchand.
9:12 of 1st period - Shot Misses the Net.
9:19 of 1st period - Icing by John Carlson.
9:20 of 1st period - Brad Marchand wins face-off versus Stephen Weiss in Bruins zone.
9:38 of 1st period - Off-side.
9:39 of 1st period - Nick Bjugstad wins face-off versus Carl Soderberg in neutral zone.
10:00 of 1st period - Shot by Brandon Pirri.
10:00 of 1st period - Shot Blocked by Nikolai Kulemin.
10:10 of 1st period - Shot by P.K. Subban.
10:10 of 1st period - Stopped by Jonas Hiller with a rebound.
10:12 of 1st period - Shot by Tomas Plekanec.
10:12 of 1st period - Shot Misses the Net.
10:30 of 1st period - Shot by Melker Karlsson.
10:30 of 1st period - Shot Misses the Net.
10:36 of 1st period - Shot by Melker Karlsson.
10:36 of 1st period - Stopped by Jonas Hiller without a rebound.
10:37 of 1st period - Patrice Bergeron wins face-off versus Alexander Wennberg in Sharks zone.
10:42 of 1st period - Shot by Brad Marchand.
10:42 of 1st period - Goal by Brad Marchand - Sharks : 0 - Bruins : 1.
10:43 of 1st period - Alexander Wennberg wins face-off versus Corey Perry in neutral zone.
10:52 of 1st period - Icing by Patrice Bergeron.
10:53 of 1st period - Nick Bjugstad wins face-off versus Corey Perry in Bruins zone.
11:50 of 1st period - Icing by Dougie Hamilton.
11:51 of 1st period - Patrice Bergeron wins face-off versus Andrew Shaw in Bruins zone.
12:10 of 1st period - P.K. Subban is hit by Andrew Shaw and loses puck.
12:17 of 1st period - Shot by Tomas Plekanec.
12:17 of 1st period - Deflect By Zach Parise.
12:17 of 1st period - Shot Blocked by Ladislav Smid.
12:19 of 1st period - Shot by John Carlson.
12:19 of 1st period - Stopped by Jonas Hiller with a rebound.
12:27 of 1st period - Shot by Tomas Plekanec.
12:27 of 1st period - Stopped by Jonas Hiller without a rebound.
12:28 of 1st period - Patrick Sharp wins face-off versus Alexander Wennberg in Sharks zone.
12:31 of 1st period - Shot by Brandon Pirri.
12:31 of 1st period - Stopped by Jonas Hiller without a rebound.
12:32 of 1st period - Nick Bjugstad wins face-off versus Patrick Sharp in Sharks zone.
12:41 of 1st period - Shot by Charlie Coyle.
12:41 of 1st period - Shot Misses the Net.
12:45 of 1st period - Shot by Nick Bjugstad.
12:45 of 1st period - Goal by Nick Bjugstad - Sharks : 1 - Bruins : 1.
12:46 of 1st period - Alexander Wennberg wins face-off versus Tomas Plekanec in neutral zone.
12:55 of 1st period - Shot by Jannik Hansen.
12:55 of 1st period - Stopped by Carey Price without a rebound.
12:56 of 1st period - Matt Beleskey wins face-off versus Tomas Plekanec in Bruins zone.
13:04 of 1st period - Minor Penalty to John Carlson for Interference.
13:05 of 1st period - Patrice Bergeron wins face-off versus Nick Bjugstad in Bruins zone.
13:05 of 1st period - Patrice Bergeron is hit by Nick Bjugstad.
13:24 of 1st period - Off-side.
13:25 of 1st period - Andrew Shaw wins face-off versus Patrice Bergeron in neutral zone.
13:57 of 1st period - Icing by Nikolai Kulemin.
13:58 of 1st period - Patrice Bergeron wins face-off versus Andrew Shaw in Sharks zone.
14:44 of 1st period - Shot by Nick Bjugstad.
14:44 of 1st period - Shot Blocked by P.K. Subban.
14:46 of 1st period - Shot by David Savard.
14:46 of 1st period - Shot Misses the Net.
14:48 of 1st period - Shot by Nick Bjugstad.
14:48 of 1st period - Shot Blocked by Dougie Hamilton.
14:50 of 1st period - Shot by Robert Bortuzzo.
14:50 of 1st period - Shot Misses the Net.
15:03 of 1st period - Icing by Matt Beleskey.
15:04 of 1st period - Viktor Stalberg wins face-off versus Tomas Plekanec in Sharks zone.
15:04 of 1st period - Stephen Weiss is hit by Zach Parise and loses puck.
15:23 of 1st period - Shot by Tomas Plekanec.
15:23 of 1st period - Shot Misses the Net.
15:25 of 1st period - Shot by John Carlson.
15:25 of 1st period - Shot Misses the Net.
15:41 of 1st period - Shot by Zach Parise.
15:41 of 1st period - Stopped by Jonas Hiller without a rebound.
15:42 of 1st period - Ryan Spooner wins face-off versus Alexander Wennberg in Sharks zone.
15:42 of 1st period - Melker Karlsson is hit by Andrej Sustr and loses puck.
15:49 of 1st period - Shot by Ryan Spooner.
15:49 of 1st period - Stopped by Jonas Hiller without a rebound.
15:50 of 1st period - Ryan Spooner wins face-off versus Matt Beleskey in Sharks zone.
16:01 of 1st period - Shot by Matt Beleskey.
16:01 of 1st period - Shot Misses the Net.
16:03 of 1st period - Shot by David Savard.
16:03 of 1st period - Shot Misses the Net.
16:05 of 1st period - Shot by Nick Bjugstad.
16:05 of 1st period - Shot Misses the Net.
16:07 of 1st period - Shot by David Savard.
16:07 of 1st period - Stopped by Carey Price without a rebound.
16:08 of 1st period - Tomas Plekanec wins face-off versus Alexander Wennberg in Bruins zone.
16:21 of 1st period - Shot by Brendan Gallagher.
16:21 of 1st period - Shot Misses the Net.
16:23 of 1st period - Shot by Tomas Plekanec.
16:23 of 1st period - Shot Misses the Net.
16:49 of 1st period - John Carlson is hit by Mark Pysyk.
16:58 of 1st period - Andrej Sustr is hit by P.K. Subban and loses puck.
17:02 of 1st period - Icing by P.K. Subban.
17:03 of 1st period - Tomas Plekanec wins face-off versus Andrew Shaw in Bruins zone.
17:28 of 1st period - Shot by Andrew Shaw.
17:28 of 1st period - Shot Misses the Net.
17:30 of 1st period - Shot by Nikolai Kulemin.
17:30 of 1st period - Stopped by Carey Price with a rebound.
17:45 of 1st period - Off-side.
17:46 of 1st period - Patrick Sharp wins face-off versus Nick Bjugstad in neutral zone.
18:18 of 1st period - Carl Soderberg is hit by Matt Beleskey and loses puck.
18:53 of 1st period - Patrick Sharp is hit by Colin McDonald and loses puck.
19:27 of 1st period - Torey Krug is hit by Andrej Sustr and loses puck.
19:53 of 1st period - Brendan Gallagher is hit by Andrej Sustr and loses puck.
Goals for this period are 1 for Sharks vs 1 for Bruins.
Shots for this period are 7 for Sharks vs 19 for Bruins.

2nd period


0:01 of 2nd period - Tomas Plekanec wins face-off versus Andrew Shaw in neutral zone.
0:17 of 2nd period - Icing by Brooks Laich.
0:18 of 2nd period - Patrice Bergeron wins face-off versus Andrew Shaw in Sharks zone.
0:41 of 2nd period - Shot by Andrew Shaw.
0:41 of 2nd period - Shot Blocked by Drew Doughty.
0:43 of 2nd period - Shot by Nikolai Kulemin.
0:43 of 2nd period - Stopped by Carey Price without a rebound.
0:44 of 2nd period - Nick Bjugstad wins face-off versus Zach Parise in Bruins zone.
0:45 of 2nd period - Shot by Matt Beleskey.
0:45 of 2nd period - Deflect By Nick Bjugstad.
0:45 of 2nd period - Stopped by Carey Price without a rebound.
0:46 of 2nd period - Nick Bjugstad wins face-off versus Tomas Plekanec in Bruins zone.
1:26 of 2nd period - Tomas Plekanec is hit by Andrej Sustr and loses puck.
2:00 of 2nd period - Patrice Bergeron is hit by Mark Pysyk and loses puck.
3:05 of 2nd period - Shot by Andrew Shaw.
3:05 of 2nd period - Goal by Andrew Shaw - Sharks : 2 - Bruins : 1.
3:06 of 2nd period - Stephen Weiss wins face-off versus Tomas Plekanec in neutral zone.
3:55 of 2nd period - Tomas Plekanec is hit by Robert Bortuzzo and loses puck.
4:45 of 2nd period - Brad Marchand is hit by Andrew Shaw and loses puck.
4:51 of 2nd period - Off-side.
4:52 of 2nd period - Andrew Shaw wins face-off versus Ryan Spooner in neutral zone.
5:57 of 2nd period - Shot by Stephen Weiss.
5:57 of 2nd period - Shot Misses the Net.
6:09 of 2nd period - Shot by P.K. Subban.
6:09 of 2nd period - Stopped by Jonas Hiller without a rebound.
6:10 of 2nd period - Patrice Bergeron wins face-off versus Matt Beleskey in Sharks zone.
6:29 of 2nd period - Shot by Patrice Bergeron.
6:29 of 2nd period - Deflect By Corey Perry.
6:29 of 2nd period - Shot Misses the Net.
6:35 of 2nd period - Shot by Brad Marchand.
6:35 of 2nd period - Shot Misses the Net.
6:37 of 2nd period - Shot by Corey Perry.
6:37 of 2nd period - Stopped by Jonas Hiller with a rebound.
6:39 of 2nd period - Shot by Patrice Bergeron.
6:39 of 2nd period - Stopped by Jonas Hiller without a rebound.
6:40 of 2nd period - Alexander Wennberg wins face-off versus Tomas Plekanec in Sharks zone.
6:40 of 2nd period - Alexander Wennberg is hit by Brendan Gallagher.
7:01 of 2nd period - Shot by Jannik Hansen.
7:01 of 2nd period - Deflect By Colin McDonald.
7:01 of 2nd period - Stopped by Carey Price without a rebound.
7:02 of 2nd period - Andrew Shaw wins face-off versus Patrice Bergeron in Bruins zone.
7:43 of 2nd period - Icing by Mark Pysyk.
7:44 of 2nd period - Andrew Shaw wins face-off versus Tomas Plekanec in Sharks zone.
8:36 of 2nd period - David Savard is hit by Zach Parise and loses puck.
8:44 of 2nd period - Icing by David Savard.
8:45 of 2nd period - Patrice Bergeron wins face-off versus Matt Beleskey in Sharks zone.
9:03 of 2nd period - Shot by Corey Perry.
9:03 of 2nd period - Shot Misses the Net.
9:05 of 2nd period - Shot by Brad Marchand.
9:05 of 2nd period - Deflect By Patrice Bergeron.
9:05 of 2nd period - Stopped by Jonas Hiller without a rebound.
9:06 of 2nd period - Alexander Wennberg wins face-off versus Brandon Pirri in Sharks zone.
9:16 of 2nd period - Icing by Colin McDonald.
9:17 of 2nd period - Patrice Bergeron wins face-off versus Alexander Wennberg in Sharks zone.
9:20 of 2nd period - Shot by Patrice Bergeron.
9:20 of 2nd period - Shot Blocked by Martin Marincin.
11:49 of 2nd period - Icing by Torey Krug.
11:50 of 2nd period - Patrick Sharp wins face-off versus Stephen Weiss in Bruins zone.
12:31 of 2nd period - Shot by Brad Marchand.
12:31 of 2nd period - Stopped by Jonas Hiller without a rebound.
12:32 of 2nd period - Tomas Plekanec wins face-off versus Matt Beleskey in Sharks zone.
12:53 of 2nd period - Zach Parise is hit by Matt Beleskey and loses puck.
13:53 of 2nd period - Shot by Corey Perry.
13:53 of 2nd period - Stopped by Jonas Hiller without a rebound.
13:54 of 2nd period - Stephen Weiss wins face-off versus Patrick Sharp in Sharks zone.
14:20 of 2nd period - Shot by Stephen Weiss.
14:20 of 2nd period - Goal by Stephen Weiss - Sharks : 3 - Bruins : 1.
14:21 of 2nd period - Patrice Bergeron wins face-off versus Nick Bjugstad in neutral zone.
15:25 of 2nd period - Icing by Dougie Hamilton.
15:26 of 2nd period - Andrew Shaw wins face-off versus Patrice Bergeron in Bruins zone.
15:31 of 2nd period - Shot by Andrew Shaw.
15:31 of 2nd period - Shot Blocked by Dougie Hamilton.
16:05 of 2nd period - Shot by Andrew Shaw.
16:05 of 2nd period - Shot Blocked by P.K. Subban.
16:07 of 2nd period - Shot by Nikolai Kulemin.
16:07 of 2nd period - Stopped by Carey Price without a rebound.
16:08 of 2nd period - Ryan Spooner wins face-off versus Stephen Weiss in Bruins zone.
16:08 of 2nd period - Torey Krug is hit by Luke Witkowski and loses puck.
16:33 of 2nd period - Minor Penalty to Melker Karlsson for Roughing.
16:34 of 2nd period - Patrice Bergeron wins face-off versus Nick Bjugstad in Bruins zone.
16:57 of 2nd period - Shot by David Savard.
16:57 of 2nd period - Stopped by Carey Price without a rebound.
16:58 of 2nd period - Patrice Bergeron wins face-off versus Andrew Shaw in Bruins zone.
17:10 of 2nd period - Shot by Andrew Shaw.
17:10 of 2nd period - Stopped by Carey Price without a rebound.
17:11 of 2nd period - Nick Bjugstad wins face-off versus Patrice Bergeron in Bruins zone.
17:12 of 2nd period - Shot by Mark Pysyk.
17:12 of 2nd period - Goal by Mark Pysyk - Sharks : 4 - Bruins : 1.
17:12 of 2nd period - Tom McCollum enters game.
17:13 of 2nd period - Tomas Plekanec wins face-off versus Nick Bjugstad in neutral zone.
17:38 of 2nd period - Shot by Brendan Gallagher.
17:38 of 2nd period - Stopped by Jonas Hiller without a rebound.
17:39 of 2nd period - Patrick Sharp wins face-off versus Andrew Shaw in Sharks zone.
17:59 of 2nd period - Shot by Nikolai Kulemin.
17:59 of 2nd period - Shot Misses the Net.
18:49 of 2nd period - Shot by Zach Parise.
18:49 of 2nd period - Deflect By Tomas Plekanec.
18:49 of 2nd period - Shot Misses the Net.
18:53 of 2nd period - Shot by Tomas Plekanec.
18:53 of 2nd period - Stopped by Jonas Hiller without a rebound.
18:54 of 2nd period - Patrice Bergeron wins face-off versus Nick Bjugstad in Sharks zone.
19:01 of 2nd period - Shot by Patrice Bergeron.
19:01 of 2nd period - Deflect By Corey Perry.
19:01 of 2nd period - Stopped by Jonas Hiller without a rebound.
19:02 of 2nd period - Patrice Bergeron wins face-off versus Nick Bjugstad in Sharks zone.
19:02 of 2nd period - Patrice Bergeron is hit by Andrej Sustr.
19:40 of 2nd period - Nick Bjugstad is hit by P.K. Subban.
Goals for this period are 3 for Sharks vs 0 for Bruins.
Shots for this period are 9 for Sharks vs 9 for Bruins.

3rd period


0:01 of 3rd period - Brendan Gallagher wins face-off versus Alexander Wennberg in neutral zone.
0:01 of 3rd period - Brendan Gallagher is hit by Colin McDonald.
0:05 of 3rd period - Jannik Hansen is hit by Brendan Gallagher and loses puck.
0:20 of 3rd period - Shot by Brendan Gallagher.
0:20 of 3rd period - Shot Misses the Net.
0:31 of 3rd period - Shot by Brendan Gallagher.
0:31 of 3rd period - Shot Misses the Net.
0:44 of 3rd period - Icing by John Carlson.
0:45 of 3rd period - Tomas Plekanec wins face-off versus Nick Bjugstad in Bruins zone.
0:52 of 3rd period - Shot by Brendan Gallagher.
0:52 of 3rd period - Shot Misses the Net.
2:13 of 3rd period - Icing by Torey Krug.
2:14 of 3rd period - Alexander Wennberg wins face-off versus Ryan Spooner in Bruins zone.
2:48 of 3rd period - Shot by Colin McDonald.
2:48 of 3rd period - Stopped by Tom McCollum with a rebound.
3:24 of 3rd period - Icing by P.K. Subban.
3:25 of 3rd period - Andrew Shaw wins face-off versus Tomas Plekanec in Bruins zone.
3:39 of 3rd period - Shot by Brooks Laich.
3:39 of 3rd period - Shot Misses the Net.
3:50 of 3rd period - Tomas Plekanec is hit by Ladislav Smid and loses puck.
4:26 of 3rd period - Icing by Patrice Bergeron.
4:27 of 3rd period - Stephen Weiss wins face-off versus Patrice Bergeron in Bruins zone.
4:36 of 3rd period - Off-side.
4:37 of 3rd period - Nick Bjugstad wins face-off versus Patrick Sharp in neutral zone.
5:03 of 3rd period - Icing by Drew Doughty.
5:04 of 3rd period - Stephen Weiss wins face-off versus Patrick Sharp in Bruins zone.
6:18 of 3rd period - Shot by Tomas Plekanec.
6:18 of 3rd period - Shot Misses the Net.
7:30 of 3rd period - Shot by Matt Beleskey.
7:30 of 3rd period - Stopped by Tom McCollum without a rebound.
7:31 of 3rd period - Ryan Spooner wins face-off versus Andrew Shaw in Bruins zone.
7:31 of 3rd period - Ryan Spooner is hit by Andrew Shaw.
7:54 of 3rd period - Shot by Seth Griffith.
7:54 of 3rd period - Shot Blocked by Andrew Shaw.
8:16 of 3rd period - Patrice Bergeron is hit by Andrew Shaw and loses puck.
8:24 of 3rd period - Minor Penalty to Ladislav Smid for Hooking.
8:25 of 3rd period - Nick Bjugstad wins face-off versus Carl Soderberg in Sharks zone.
8:25 of 3rd period - Nick Bjugstad is hit by Carl Soderberg.
8:54 of 3rd period - Shot by Drew Doughty.
8:54 of 3rd period - Stopped by Jonas Hiller without a rebound.
8:55 of 3rd period - Nick Bjugstad wins face-off versus Brad Marchand in Sharks zone.
9:52 of 3rd period - Icing by Tomas Plekanec.
9:53 of 3rd period - Nick Bjugstad wins face-off versus Carl Soderberg in Bruins zone.
10:22 of 3rd period - Shot by Drew Doughty.
10:22 of 3rd period - Deflect By Tomas Plekanec.
10:22 of 3rd period - Stopped by Jonas Hiller without a rebound.
10:23 of 3rd period - Stephen Weiss wins face-off versus Brad Marchand in Sharks zone.
11:02 of 3rd period - Ladislav Smid is hit by Melker Karlsson.
11:27 of 3rd period - Minor Penalty to Tomas Plekanec for Interference.
11:27 of 3rd period - Minor Penalty to Ladislav Smid for Hooking.
11:28 of 3rd period - Zach Parise wins face-off versus Jannik Hansen in Sharks zone.
11:49 of 3rd period - Shot by Nick Bjugstad.
11:49 of 3rd period - Stopped by Tom McCollum without a rebound.
11:50 of 3rd period - Zach Parise wins face-off versus Nick Bjugstad in Bruins zone.
12:36 of 3rd period - Patrick Sharp is hit by Nick Bjugstad and loses puck.
13:03 of 3rd period - Shot by Patrick Sharp.
13:03 of 3rd period - Shot Misses the Net.
13:07 of 3rd period - Shot by Patrick Sharp.
13:07 of 3rd period - Deflect By Carl Soderberg.
13:07 of 3rd period - Shot Misses the Net.
13:09 of 3rd period - Shot by Dougie Hamilton.
13:09 of 3rd period - Shot Misses the Net.
13:11 of 3rd period - Shot by Carl Soderberg.
13:11 of 3rd period - Deflect By Patrick Sharp.
13:11 of 3rd period - Stopped by Jonas Hiller without a rebound.
13:12 of 3rd period - Zach Parise wins face-off versus Nick Bjugstad in Sharks zone.
13:51 of 3rd period - Shot by Viktor Stalberg.
13:51 of 3rd period - Stopped by Tom McCollum without a rebound.
13:52 of 3rd period - Patrick Sharp wins face-off versus Andrew Shaw in Bruins zone.
14:03 of 3rd period - Shot by Brandon Pirri.
14:03 of 3rd period - Stopped by Jonas Hiller with a rebound.
14:05 of 3rd period - Shot by Drew Doughty.
14:05 of 3rd period - Shot Blocked by Robert Bortuzzo.
14:11 of 3rd period - Shot by Drew Doughty.
14:11 of 3rd period - Shot Hit the Post.
15:10 of 3rd period - Icing by Joe Morrow.
15:11 of 3rd period - Nick Bjugstad wins face-off versus Tomas Plekanec in Bruins zone.
15:16 of 3rd period - Shot by Matt Beleskey.
15:16 of 3rd period - Shot Misses the Net.
15:30 of 3rd period - Shot by Tomas Plekanec.
15:30 of 3rd period - Shot Blocked by Nick Bjugstad.
16:23 of 3rd period - Shot by Corey Perry.
16:23 of 3rd period - Deflect By Patrice Bergeron.
16:23 of 3rd period - Stopped by Jonas Hiller without a rebound.
16:24 of 3rd period - Colin McDonald wins face-off versus Patrick Sharp in Sharks zone.
16:30 of 3rd period - Carl Soderberg is hit by Ladislav Smid.
17:37 of 3rd period - Shot by Zach Parise.
17:37 of 3rd period - Stopped by Jonas Hiller without a rebound.
17:38 of 3rd period - Andrew Shaw wins face-off versus Brad Marchand in Sharks zone.
18:59 of 3rd period - Andrej Sustr is hit by Zach Parise and loses puck.
19:04 of 3rd period - Shot by Tomas Plekanec.
19:04 of 3rd period - Stopped by Jonas Hiller without a rebound.
19:05 of 3rd period - Patrick Sharp wins face-off versus Nick Bjugstad in Sharks zone.
19:08 of 3rd period - Shot by Patrick Sharp.
19:08 of 3rd period - Shot Misses the Net.
19:14 of 3rd period - Shot by Nick Bjugstad.
19:14 of 3rd period - Shot Misses the Net.
19:26 of 3rd period - Shot by Charlie Coyle.
19:26 of 3rd period - Shot Blocked by Joe Morrow.
Goals for this period are 0 for Sharks vs 0 for Bruins.
Shots for this period are 4 for Sharks vs 7 for Bruins.